 Dungeon Crawl Stone Soup version 0.25.1-8-g42b30a86e7 (webtiles) character file.

Game seed: 17241367129784560680

255235 KamiKatze the Executioner (level 21, -14/163 HPs)
             Began as a Formicid Fighter on Dec 28, 2020.
             Was the Champion of Okawaru.
             Demolished by KamiKatze's illusion (illusionary) (30 damage)
             ... woven by Mara
             ... on level 2 of the Vaults.
             The game lasted 03:30:32 (39039 turns).

KamiKatze the Executioner (Formicid Fighter)       Turns: 39039, Time: 03:30:33

Health: -14/163    AC: 27    Str: 29    XL:     21   Next: 5%
Magic:  28/28      EV: 14    Int:  8    God:    Okawaru [******]
Gold:   2471       SH: 23    Dex: 12    Spells: 20/20 levels left

rFire    . . .     SeeInvis +   a - +5 executioner's axe (vamp)
rCold    . . .     Gourm    .   A - +2 tower shield {AC+3}
rNeg     . . .     Faith    .   e - +2 crystal plate armour
rPois    +         Spirit   .   (helmet unavailable)
rElec    .         Reflect  .   c - +1 cloak
rCorr    .         Harm     .   W - +0 pair of gloves {archery}
MR       ++...                  d - +1 pair of boots {run}
Stlth    ..........             J - amulet of regeneration
HPRegen  0.77/turn              M - +4 ring of evasion
MPRegen  0.21/turn              X - ring of poison resistance

@: quick
A: permanent stasis, dig shafts and tunnels, four strong arms, antennae 3,
hooves 1, thin skeletal structure 1, deformed body, dopey 1, wild magic 1
}: 1/15 runes: serpentine
a: Dig, Shaft Self, Heroism, Finesse, Renounce Religion


You were on level 2 of the Vaults.
You worshipped Okawaru.
Okawaru was exalted by your worship.
You were not hungry.

You visited 6 branches of the dungeon, and saw 31 of its levels.
You also visited: Sewer.

You collected 3285 gold pieces.
You spent 814 gold pieces at shops.

Inventory:

Hand Weapons
 a - a +5 vampiric executioner's axe (weapon)
 b - the +3 broad axe "Vuefess" {drain, rElec Int+9 Dex-4}
   (Okawaru gifted it to you on level 2 of the Snake Pit)

   A truly terrible weapon, it drains the life of those it strikes.
   It affects your intelligence (+9).
   It affects your dexterity (-4).
   It insulates you from electricity.
 q - a +2 battleaxe of freezing
 w - a +2 broad axe of flaming
 Z - the +8 bardiche of Perversion {vorpal, *Noise rF+++ Str+4 Int+2, unknown}
   (Okawaru gifted it to you on level 2 of the Vaults)

   It inflicts extra damage upon your enemies.
   It affects your strength (+4).
   It affects your intelligence (+2).
   It renders you almost immune to fire.
   It may make noises in combat.
Missiles
 l - 14 silver javelins
 u - 4 datura-tipped darts
 B - 6 curare-tipped darts
 F - 82 poisoned darts
 N - 47 javelins (quivered)
Armour
 c - a +1 cloak (worn)
 d - a +1 pair of boots of running (worn)
 e - a +2 crystal plate armour (worn)
 A - a +2 tower shield of protection (worn)
 W - a +0 pair of gloves of archery (worn)
Jewellery
 r - an uncursed ring of resist corrosion
 J - an amulet of regeneration (around neck)
 M - a +4 ring of evasion (left hand)
 Q - an uncursed ring of fire
 R - a +4 ring of protection
 V - an uncursed ring of protection from cold
 X - a ring of poison resistance (right hand)
Wands
 p - a wand of iceblast (19)
 t - a wand of acid (23)
 v - a wand of disintegration (42)
 E - a wand of polymorph (14)
 G - a wand of paralysis (27)
 H - a wand of clouds (8)
 L - a wand of flame (48)
Scrolls
 g - 3 scrolls of fear
 h - 6 scrolls of magic mapping
 i - a scroll of fog
 j - 7 scrolls of remove curse
 m - a scroll of amnesia
 x - a scroll of summoning
 K - a scroll of silence
 S - a scroll of enchant armour
 T - a scroll of identify
Potions
 k - 11 potions of curing
 n - a potion of magic
 o - 7 potions of resistance
 s - 4 potions of invisibility
 z - 5 potions of cancellation
 C - 3 potions of stabbing
 D - 5 potions of lignification
 I - 4 potions of brilliance
 O - 4 potions of might
 P - 4 potions of heal wounds
Miscellaneous
 Y - 2 phantom mirrors
Comestibles
 f - 56 rations
 y - a chunk of flesh


   Skills:
 * Level 13.6 Fighting
 * Level 22.9 Axes
 - Level 6.0 Throwing
 * Level 13.6 Armour
 * Level 10.1 Dodging
 - Level 15.0 Shields
 + Level 9.7 Invocations
 - Level 3.0 Evocations


You had 20 spell levels left.
You didn't know any spells.
Your spell library contained the following spells:

 Spells                   Type           Power        Failure   Level  Hunger
 Animate Skeleton         Necr           N/A          100%        1    ##.....
 Beastly Appendage        Tmut           #.....       100%        1    ##.....
 Pain                     Necr           #...         100%        1    ##.....
 Sandblast                Erth           #.....       100%        1    ##.....
 Shock                    Conj/Air       #...         100%        1    ##.....
 Sting                    Tmut/Pois      #...         100%        1    ##.....
 Passwall                 Tmut/Erth      #.......     100%        2    ###....
 Poisonous Vapours        Pois/Air       #.....       100%        2    ###....
 Shroud of Golubria       Chrm/Tloc      #.....       100%        2    ###....
 Sticks to Snakes         Tmut           #.......     100%        2    ###....
 Confusing Touch          Hex            #.......     100%        3    ####...
 Gell's Gravitas          Tloc           #.........   100%        3    ####...
 Ignite Poison            Fire/Tmut/Pois #.......     100%        3    ####...
 Lesser Beckoning         Tloc           #.........   100%        3    ####...
 Mephitic Cloud           Conj/Pois/Air  #.......     100%        3    ####...
 Portal Projectile        Hex/Tloc       #.....       100%        3    ####...
 Spider Form              Tmut/Pois      #.........   100%        3    ####...
 Static Discharge         Conj/Air       #.......     100%        3    ####...
 Stone Arrow              Conj/Erth      #.....       100%        3    ####...
 Teleport Other           Tloc           #.......     100%        3    ####...
 Vampiric Draining        Necr           #.........   100%        3    ####...
 Airstrike                Air            #.........   100%        4    #####..
 Animate Dead             Necr           N/A          100%        4    #####..
 Ice Form                 Ice/Tmut       #.......     100%        4    #####..
 Olgreb's Toxic Radiance  Pois           #.......     100%        4    #####..
 Passage of Golubria      Tloc           N/A          100%        4    #####..
 Petrify                  Tmut/Erth      #.......     100%        4    #####..
 Agony                    Necr           #.......     100%        5    ######.
 Blade Hands              Tmut           #.........   100%        5    ######.
 Lee's Rapid Deconstruct  Erth           #.........   100%        5    ######.
 Lightning Bolt           Conj/Air       #.........   100%        5    ######.
 Metabolic Englaciation   Hex/Ice        #.........   100%        5    ######.
 Yara's Violent Unravell  Hex/Tmut       #.........   100%        5    ######.
 Dispersal                Tloc           #.........   100%        6    #######
 Disjunction              Tloc           #.........   100%        8    #######
 Blink                    Tloc           Unusable     N/A         2    N/A
 Swiftness                Chrm/Air       Unusable     N/A         2    N/A
 Controlled Blink         Tloc           Unusable     N/A         8    N/A

Dungeon Overview and Level Annotations

Branches:
Dungeon (15/15)            Temple (1/1) D:7            Lair (6/6) D:10
 Shoals (0/4) Lair:2        Snake (4/4) Lair:3        Slime (0/5) Lair:6
    Orc (2/2) D:11            Elf (0/3) Orc:2        Vaults (3/5) D:13
 Depths (0/5) D:15          Sewer (visited)
  Crypt: Vaults:2-3

Altars:
Ashenzari
Cheibriados
Dithmenos
Elyvilon
Fedhas
Gozag
Hepliaklqana
Kikubaaqudgha
Makhleb
Nemelex Xobeh
Okawaru
Qazlal
Ru
Sif Muna
Trog
Uskayaw
Vehumet
Wu Jian
Xom
Yredelemnul
Zin
The Shining One
Beogh
Jiyva

Shops:
D:11 (   D:14 *%}   Orc:2 [?}%   Vaults:2 }

Portals:
Trove: Vaults:1 (give +4 ice dragon scales)

Annotations:
Vaults:2 Mara


Innate Abilities, Weirdness & Mutations

You cannot be hasted, slowed, berserked, paralysed or teleported.
You can dig through walls and to a lower floor.
Your four strong arms can wield two-handed weapons with a shield.
You have a pair of large antennae on your head. (SInv)
You have large cloven feet.
You have a somewhat thin skeletal structure. (Dex +2, Stealth)
Armour fits poorly on your strangely shaped body.
You are dopey. (Int -2)
Your spells are a little harder to cast, but a little more powerful.


Message History

You slice Mara!! You slash Mara! You block Mara's attack.
Unknown command.
You hit Mara but do no damage.
Mara is moderately wounded.
Your crystal plate armour prevents you from hitting Mara.
You hit KamiKatze's illusion but do no damage.
You slice Mara!! Mara hits you but does no damage. You block Mara's attack.
KamiKatze's illusion hits you but does no damage.
Unknown command.
You slash Mara!
Mara is moderately wounded.
You hit Mara. You miss KamiKatze's illusion. You closely miss Mara.
Mara hits you with a +4 demon blade of venom!!
* * * LOW HITPOINT WARNING * * *
Mara hits you with a +4 demon blade of venom.
* * * LOW HITPOINT WARNING * * *
Mara hits you with a +4 demon blade of venom!
* * * LOW HITPOINT WARNING * * *
KamiKatze's illusion hits you!!
You die...

#'## #..........# .#.#
#..........# #### #..........#
#......[...# #.?.....>..#
############[.........#
..........[[..........########
)#.#.#.#.#.#######'####......#
)..........# #.R@@....#.####.#
.#.#.#.#.#.# #..RR....#....#.#
...........# #........#.#..#.#
.#.#.#.#.#.# #........#.#....#
...........# #........#.####.#
.#.#.#.#.#.# #........'......#
...........# #################
.#.#.#.#.#.# ...........#


You could see 3 Maras and KamiKatze's illusion.

Vanquished Creatures
  Jorgrun (D:15)
  Kirke (Snake:4)
  11 nagarajas
  A frost giant (Vaults:1)
  An orc warlord (D:11)
  9 very ugly things
  2 stone giants
  7 ironheart preservers
  An entropy weaver (Vaults:1)
  The ghost of Oluanan the Fighter, a journeyman DsFi of Hepliaklqana (Lair:3)
  A minotaur (Lair:3)
  Josephine (D:15)
  A yaktaur captain (Vaults:2)
  A fire dragon (Vaults:1)
  A great orb of eyes (Vaults:1)
  4 hydras
  19 naga warriors
  5 rakshasas
  Harold (D:10)
  Fannar (Orc:1)
  The ghost of KamiKatze the Thaumaturge, a journeyman DECj of Vehumet (Lair:4)
  2 centaur warriors
  4 death knights
  9 anacondas
  A catoblepas (D:14)
  11 ogre magi
  35 two-headed ogres
  2 deep troll earth magi (Vaults:1)
  4 death yaks
  13 naga sharpshooters
  2 deep troll shamans (Vaults:2)
  2 tengu warriors (D:14)
  12 shock serpents
  11 deep trolls
  2 salamander mystics
  5 unseen horrors
  7 skeletal warriors
  2 fire crabs (shapeshifter)
  A glowing orange brain (D:15)
  2 wizards
  2 deep elf archers (Vaults:1)
  9 mana vipers
  A necromancer (Vaults:1)
  2 flayed ghosts (Vaults:2)
  A phantasmal warrior (Vaults:2)
  11 naga ritualists
  5 harpies (Vaults:1)
  3 orc sorcerers
  4 ironbrand convokers
  A shining eye (shapeshifter) (D:15)
  A wolf spider (Vaults:1)
  12 orc knights
  5 deep elf magi
  31 ugly things
  A mana viper (shapeshifter) (D:14)
  4 cyclopes
  2 manticores
  37 black mambas
  9 guardian serpents
  13 salamanders
  A moth of wrath (shapeshifter) (D:15)
  Joseph (Lair:1)
  4 elephants
  2 black mambas (shapeshifter)
  A guardian serpent (shapeshifter) (Vaults:2)
  6 vault sentinels
  A stone giant skeleton (Vaults:1)
  29 spiny frogs
  5 gargoyles
  27 naga magi
  A torpor snail (Lair:4)
  7 komodo dragons
  A rime drake (Lair:2)
  4 freezing wraiths
  A rime drake (shapeshifter) (D:13)
  A kobold demonologist (D:13)
  19 yaktaurs
  3 tengu conjurers
  A polar bear (Lair:6)
  3 hornets
  11 trolls
  4 tyrant leeches (Lair:6)
  A raiju (shapeshifter) (Vaults:2)
  10 slime creatures
  11 dream sheep
  6 hippogriffs
  25 blink frogs
  A meliai zombie (D:14)
  A hippogriff (shapeshifter) (D:15)
  A centaur simulacrum (D:14)
  A spriggan (shapeshifter) (Vaults:3)
  4 hogs (D:8)
  A yak (shapeshifter) (D:15)
  4 shadows
  A human (D:8)
  9 wraiths
  7 wyverns
  51 yaks
  4 hungry ghosts
  6 vampire mosquitoes
  Menkaure (D:6)
  A steam dragon (D:12)
  A basilisk (Lair:6)
  6 wargs
  55 nagas
  3 acid dragons
  A soldier ant (D:12)
  5 water moccasins
  7 porcupines
  47 orc warriors
  6 ice beasts
  A hornet zombie (D:14)
  3 necrophages
  3 sky beasts
  An orc zombie (Vaults:1)
  A phantom (D:10)
  A black bear (D:8)
  An eye of draining (shapeshifter) (Vaults:2)
  4 wolves
  54 ogres
  11 crocodiles
  15 centaurs
  30 bullfrogs
  7 big kobolds
  A gnoll sergeant (D:9)
  A yaktaur skeleton (Vaults:1)
  A human simulacrum (Vaults:1)
  A wyvern zombie (D:12)
  3 wyvern skeletons
  6 scorpions
  17 killer bees
  18 wights
  4 electric eels
  2 howler monkeys
  13 crimson imps
  2 quasits
  15 hounds
  7 centaur zombies
  5 jellies
  A gnoll shaman (D:5)
  29 orc priests
  27 orc wizards
  4 bullfrog skeletons
  5 iguanas
  4 centaur skeletons
  18 worker ants
  2 killer bee zombies
  2 hound skeletons
  A worker ant zombie (D:11)
  19 gnolls
  7 adders
  A howler monkey skeleton (D:11)
  A river rat (Sewer)
  4 shadow imps
  An ooze (D:3)
  2 adder zombies
  2 adder skeletons (D:4)
  2 worms
  2 dart slugs
  8 leopard geckos
  126 orcs
  A ball python (D:3)
  9 giant cockroaches
  10 goblins
  7 hobgoblins
  11 jackals
  6 quokkas
  5 bats
  8 frilled lizards
  A jackal skeleton (D:4)
  28 kobolds
  A leopard gecko zombie (D:5)
  11 rats
  8 fungi
  7 plants
1371 creatures vanquished.

Vanquished Creatures (others)
  2 naga sharpshooters
  5 humans (Snake:4)
  14 fungi
  27 plants
48 creatures vanquished.

Grand Total: 1419 creatures vanquished

Notes
Turn   | Place    | Note
-------+----------+-------------------------------------------
     0 | D:1      | KamiKatze the Formicid Fighter began the quest for the Orb.
     0 | D:1      | Reached XP level 1. HP: 18/18 MP: 1/1
   336 | D:1      | You fall into a shaft and drop 1 floor!
   362 | D:1      | Reached XP level 2. HP: 24/24 MP: 2/2
   630 | D:1      | Reached XP level 3. HP: 29/29 MP: 3/3
  1428 | D:2      | Reached XP level 4. HP: 35/35 MP: 4/4
  2112 | D:2      | Reached skill level 1 in Dodging
  2123 | D:3      | Reached skill level 1 in Throwing
  2475 | D:3      | Found a sparkling altar of Nemelex Xobeh.
  2578 | D:3      | Reached XP level 5. HP: 41/41 MP: 5/5
  2805 | D:3      | Reached skill level 3 in Axes
  3284 | D:4      | Reached XP level 6. HP: 48/48 MP: 6/6
  3332 | D:4      | Reached skill level 5 in Shields
  3651 | D:4      | Found a glowing drain.
  3668 | D:4      | Reached XP level 7. HP: 45/54 MP: 7/7
  3683 | Sewer    | Entered a sewer
  3801 | Sewer    | Reached skill level 4 in Axes
  3892 | Sewer    | Found a glowing silver altar of Zin.
  4253 | D:5      | Entered Level 5 of the Dungeon
  4355 | D:5      | Reached skill level 1 in Evocations
  4387 | D:5      | Reached XP level 8. HP: 44/61 MP: 8/8
  4531 | D:5      | Reached skill level 5 in Axes
  4610 | D:5      | Reached skill level 5 in Fighting
  4925 | D:5      | Found a white marble altar of Elyvilon.
  4946 | D:5      | Reached skill level 5 in Armour
  4965 | D:5      | Found a stormy altar of Qazlal.
  4965 | D:5      | Found a shimmering altar of Xom.
  4968 | D:5      | Found a glowing silver altar of Zin.
  4968 | D:5      | Found an opulent altar of Gozag.
  4968 | D:5      | Found a sacrificial altar of Ru.
  5370 | D:5      | Got a translucent mace
  5705 | D:6      | Reached skill level 6 in Axes
  5705 | D:6      | Reached XP level 9. HP: 62/68 MP: 11/11
  6062 | D:6      | Noticed Menkaure
  6078 | D:6      | Killed Menkaure
  6346 | D:7      | Reached skill level 7 in Axes
  6436 | D:7      | Found a staircase to the Ecumenical Temple.
  6470 | Temple   | Entered the Ecumenical Temple
  6611 | Temple   | Became a worshipper of Warmaster Okawaru
  6810 | D:7      | Found a radiant altar of Vehumet.
  6948 | D:7      | Noticed a troll
  6960 | D:7      | Killed a troll
  6960 | D:7      | Reached * piety under Okawaru
  6960 | D:7      | Reached XP level 10. HP: 74/77 MP: 12/12
  7234 | D:7      | Reached skill level 8 in Axes
  7379 | D:7      | Found a blossoming altar of Fedhas.
  7379 | D:7      | Found a glowing golden altar of the Shining One.
  7866 | D:8      | Reached ** piety under Okawaru
  8042 | D:8      | Reached skill level 9 in Axes
  8042 | D:8      | Reached skill level 1 in Invocations
  8536 | D:8      | Reached *** piety under Okawaru
  8804 | D:8      | Reached XP level 11. HP: 80/85 MP: 13/13
  8916 | D:9      | Found a stormy altar of Qazlal.
 10134 | D:9      | Found an opulent altar of Gozag.
 10166 | D:9      | Found an ancient bone altar of Kikubaaqudgha.
 10311 | D:10     | Entered Level 10 of the Dungeon
 10329 | D:10     | Reached skill level 10 in Axes
 10459 | D:10     | Reached **** piety under Okawaru
 10851 | D:10     | Received a gift from Okawaru
 10911 | D:10     | Found a staircase to the Lair.
 11064 | D:10     | Noticed Harold
 11191 | D:10     | Killed Harold
 11191 | D:10     | Reached ***** piety under Okawaru
 11548 | D:11     | Found Porchiem's Weapon Emporium.
 11602 | D:11     | Noticed a two-headed ogre
 11620 | D:11     | Killed a two-headed ogre
 11620 | D:11     | Reached XP level 12. HP: 77/93 MP: 14/14
 11698 | D:11     | Reached skill level 5 in Throwing
 11770 | D:11     | Noticed an unseen horror
 11775 | D:11     | Killed an unseen horror
 11775 | D:11     | Reached skill level 11 in Axes
 12084 | D:11     | Noticed a two-headed ogre
 12092 | D:11     | Killed a two-headed ogre
 12215 | D:11     | Found a staircase to the Orcish Mines.
 12475 | D:12     | Received a gift from Okawaru
 12857 | D:12     | Received a gift from Okawaru
 13410 | Lair:1   | Entered Level 1 of the Lair of Beasts
 13613 | Lair:1   | Reached skill level 5 in Invocations
 13673 | Lair:1   | Reached skill level 12 in Axes
 13877 | Lair:1   | Noticed Joseph
 13923 | Lair:1   | Killed Joseph
 13923 | Lair:1   | Reached XP level 13. HP: 100/100 MP: 17/17
 14626 | Lair:1   | Reached ****** piety under Okawaru
 14906 | Lair:2   | Reached skill level 13 in Axes
 14911 | Lair:2   | Received a gift from Okawaru
 15135 | Lair:2   | Found a staircase to the Shoals.
 15257 | Lair:3   | Received a gift from Okawaru
 15274 | Lair:3   | Got a masterwork scale mail {god gift}
 15295 | Lair:3   | Identified the +1 scale mail "Turui" {MR+ Int+3 SInv}
                  | (Okawaru gifted it to you on level 3 of the Lair of Beasts)
 15460 | Lair:3   | Noticed a minotaur
 15469 | Lair:3   | Found a staircase to the Snake Pit.
 15669 | Lair:3   | Reached skill level 14 in Axes
 15808 | Lair:3   | Found a runed translucent gate.
 15808 | Lair:3   | Found a runed translucent gate.
 15808 | Lair:3   | Found a runed translucent gate.
 15826 | Lair:3   | Noticed Oluanan's ghost (journeyman DsFi)
 16397 | Lair:4   | Found a large runed translucent door.
 16397 | Lair:4   | Found a large runed translucent door.
 16400 | Lair:4   | Noticed KamiKatze's ghost (journeyman DECj)
 16613 | Lair:4   | You fall into a shaft and drop 1 floor!
 17162 | Lair:5   | Reached XP level 14. HP: 108/108 MP: 20/20
 17445 | Lair:5   | Reached skill level 15 in Axes
 18126 | Lair:6   | Entered Level 6 of the Lair of Beasts
 18141 | Lair:5   | Received a gift from Okawaru
 18345 | Lair:6   | Reached skill level 16 in Axes
 18884 | Lair:5   | Received a gift from Okawaru
 19188 | Lair:6   | Reached skill level 17 in Axes
 19494 | Lair:6   | Received a gift from Okawaru
 19515 | Lair:6   | Got a pair of smouldering boots {god gift}
 19545 | Lair:5   | Got a pitted hand axe {god gift}
 19558 | Lair:5   | Identified the +0 pair of boots of the Hall of Blades
                  | {Dex+2} (Okawaru gifted it to you on level 6 of the Lair of
                  | Beasts)
 19567 | Lair:5   | Identified the +10 hand axe "Qykoavi" {venom, rF+ Int+6}
                  | (Okawaru gifted it to you on level 5 of the Lair of Beasts)
 19638 | Lair:6   | Got a masterwork battleaxe
 19655 | Lair:6   | Reached XP level 15. HP: 104/114 MP: 21/21
 19971 | Lair:6   | Found a viscous altar of Jiyva.
 19971 | Lair:6   | Found a staircase to the Slime Pits.
 20126 | Lair:6   | Identified the +8 battleaxe "Miampor" {vorpal, *Slow +Blink
                  | Str+4} (You found it on level 6 of the Lair of Beasts)
 20447 | Lair:6   | Identified the cursed +1 mace "Dytz" {speed, Fragile rC+++
                  | rN+ Int+4} (You found it on level 5 of the Dungeon)
 20754 | Orc:1    | Entered Level 1 of the Orcish Mines
 20777 | Orc:1    | Noticed an orc warlord
 20812 | D:11     | Killed an orc warlord
 20835 | Orc:1    | Noticed Fannar
 20855 | Orc:1    | Killed Fannar
 21056 | Orc:1    | Reached skill level 18 in Axes
 21101 | Orc:1    | Found a roughly hewn altar of Beogh.
 21559 | Orc:2    | Entered Level 2 of the Orcish Mines
 22104 | Orc:2    | Received a gift from Okawaru
 22221 | Orc:2    | Found a staircase to the Elven Halls.
 22350 | Orc:2    | Reached skill level 19 in Axes
 22707 | Orc:2    | Received a gift from Okawaru
 22864 | Orc:2    | Found Zadghylo's Food Shoppe.
 22864 | Orc:2    | Found Anuxur's Magic Scroll Shop.
 22879 | Orc:2    | Found Cysk's Gadget Shop.
 22879 | Orc:2    | Found Hyezank's Armour Emporium.
 23405 | D:13     | Reached XP level 16. HP: 120/120 MP: 22/22
 23574 | D:13     | Found a gate to the Vaults.
 23782 | D:12     | Reached skill level 20 in Axes
 24428 | D:13     | Received a gift from Okawaru
 25084 | D:14     | Reached skill level 21 in Axes
 25714 | D:14     | Found Ahu Diul's General Store.
 25915 | D:14     | Found a roughly hewn altar of Beogh.
 26142 | D:14     | Found Omurahuppu's Food Shop.
 26329 | D:14     | Found Ebahad's Gadget Shop.
 26550 | D:15     | Entered Level 15 of the Dungeon
 26743 | D:15     | Noticed Jorgrun
 26761 | D:15     | Killed Jorgrun
 26761 | D:15     | Reached XP level 17. HP: 52/126 MP: 16/23
 27229 | D:15     | Found a radiant altar of Vehumet.
 27337 | D:15     | Noticed Josephine
 27346 | D:15     | Killed Josephine
 27479 | D:15     | Gained mutation: Armour fits poorly on your strangely
                  | shaped body. [a shining eye]
 27480 | D:15     | Reached skill level 10 in Shields
 27547 | D:15     | Lost mutation: Armour fits poorly on your strangely shaped
                  | body. [potion of mutation]
 27547 | D:15     | Gained mutation: Armour fits poorly on your strangely
                  | shaped body. [potion of mutation]
 27547 | D:15     | Gained mutation: You are partially covered in thin metallic
                  | scales. (AC +2) [potion of mutation]
 27608 | D:15     | Received a gift from Okawaru
 27903 | Lair:1   | Lost mutation: You are partially covered in thin metallic
                  | scales. (AC +2) [potion of mutation]
 27903 | Lair:1   | Gained mutation: You have large cloven feet. [potion of
                  | mutation]
 27903 | Lair:1   | Gained mutation: You are dopey. (Int -2) [potion of
                  | mutation]
 27903 | Lair:1   | Gained mutation: Your spells are a little harder to cast,
                  | but a little more powerful. [potion of mutation]
 27903 | Lair:1   | Gained mutation: You have a somewhat thin skeletal
                  | structure. (Dex +2, Stealth) [potion of mutation]
 28144 | D:15     | Reached skill level 5 in Dodging
 28430 | D:15     | Found a staircase to the Depths.
 28670 | Orc:2    | Bought a scroll of acquirement for 676 gold pieces
 28675 | Orc:2    | Acquired a +1 pair of boots of running
 28895 | Lair:3   | Killed Oluanan's ghost
 29018 | Lair:4   | Killed KamiKatze's ghost
 29080 | Snake:1  | Entered Level 1 of the Snake Pit
 29642 | Snake:1  | Reached skill level 10 in Fighting
 29776 | Snake:1  | Reached skill level 10 in Armour
 30584 | Snake:2  | Received a gift from Okawaru
 30626 | Snake:2  | Received a gift from Okawaru
 30626 | Snake:2  | Reached XP level 18. HP: 136/136 MP: 24/24
 30638 | Snake:2  | Got a slimy broad axe {god gift}
 30643 | Snake:2  | Identified the +3 broad axe "Vuefess" {drain, rElec Int+9
                  | Dex-4} (Okawaru gifted it to you on level 2 of the Snake
                  | Pit)
 31378 | Snake:2  | Reached skill level 22 in Axes
 32412 | Snake:4  | Entered Level 4 of the Snake Pit
 32507 | Snake:4  | Received a gift from Okawaru
 32713 | Snake:4  | Received a gift from Okawaru
 32999 | Snake:4  | Noticed Kirke
 33016 | Snake:4  | Killed Kirke
 33016 | Snake:4  | Reached XP level 19. HP: 144/144 MP: 18/25
 33420 | Snake:4  | Received a gift from Okawaru
 33624 | Snake:4  | Received a gift from Okawaru
 33887 | Snake:4  | Received a gift from Okawaru
 34026 | Snake:4  | Received a gift from Okawaru
 34637 | Snake:4  | Got a serpentine rune of Zot
 34947 | Orc:2    | Bought a +1 cloak for 138 gold pieces
 35089 | Vaults:1 | Entered Level 1 of the Vaults
 35191 | Vaults:1 | Received a gift from Okawaru
 35398 | Vaults:1 | Reached skill level 15 in Shields
 35797 | Vaults:1 | Found a portal to a secret trove of treasure.
 36053 | Vaults:1 | Reached XP level 20. HP: 154/154 MP: 26/26
 36121 | Vaults:1 | Found an opulent altar of Gozag.
 36431 | Vaults:1 | Received a gift from Okawaru
 37993 | Vaults:2 | Received a gift from Okawaru
 38009 | Vaults:2 | Got an encrusted bardiche {god gift}
 38131 | Vaults:2 | Found Egodin's Gadget Shop.
 38397 | Vaults:2 | Reached skill level 10 in Dodging
 38898 | Vaults:3 | Reached XP level 21. HP: 163/163 MP: 28/28
 38997 | Vaults:3 | Noticed Mara
 39012 | Vaults:3 | Noticed KamiKatze's illusion
 39022 | Vaults:2 | Noticed KamiKatze's illusion
 39039 | Vaults:2 | Demolished by KamiKatze's illusion (illusionary)

Illustrated notes

Levels and vault maps discovered:
D:1:      tarquinn_simple_flora_water_c, layout_loops_corners,
          wander_ebering_terrifying_dragon_lair
D:2:      layout_basic, minmay_tetromino_i4
D:3:      layout_loops_ring, marbit_many_paths, first_ration
D:4:      layout_rooms, portal_sewer_entry_f
D:5:      layout_basic, doesnt_xom_only_xom
D:6:      layout_loops_ring, uniq_menkaure
D:7:      layout_layer_cave, vehumet_altar_wand_db,
          gammafunk_temple_overflow_pools, temple_pool_b
D:8:      black_bear_nest_1, layout_basic, grunt_livestock
D:9:      layout_basic, lemuel_doored_altar, nicolae_overflow_crystal_walls,
          kiku_gazebo_garden_becter
D:10:     layout_loops_ring, erik_lair_island, roderic_roman_lattice,
          uniq_harold
D:11:     layout_roguey, orc_0_dummy, serial_shops, shop, minmay_crystal_water
D:12:     minmay_bubble_buster, layout_basic
D:13:     layout_loops_ring, hangedman_vaults_entry_quadrant_bands
D:14:     layout_roguey [special_room_orc], serial_shops, shop, kennysheep_mini,
          nicolae_shop_statue_plus, minmay_misc_feat_alley,
          minmay_alternating_orb
D:15:     gammafunk_enter_depths_forms, layout_irregular_city,
          old_standard_altar, uniq_jorgrun, uniq_josephine
Temple:   eino_narrow_crystal_temple
Lair:1:   layout_hall_layers, lemuel_fruit_fields, grunt_megastairs_5,
          uniq_joseph
Lair:2:   layout_loops_ring, minmay_shoals_entry_beasts, st_stairs_7
Lair:3:   layout_gridlike, minmay_snake_entry_spellcaster,
          maelrawn_ghost_gauntlet_escape
Lair:4:   layout_loops_ring, ebering_ghost_disaster_area
Lair:5:   layout_long_grid
Lair:6:   minmay_lair_end_frog_pond, layout_regular_city,
          dpeg_slime_entry_enclosed_altar
Snake:1:  layout_rooms
Snake:2:  layout_grid_maze
Snake:3:  layout_layer_cave, drop_trap, nrook_guardian_serpent_ordinary
Snake:4:  snake_pit, layout_rooms, uniq_kirke
Orc:1:    layout_diamond_mine, david_defended_altar_orc, uniq_fannar
Orc:2:    st_orc_ogre_mass, layout_diamond_mine
Vaults:1: v_misc_15, v_misc_15, hangedman_vaults_impose,
          nicolae_vaults_angled_halls, hangedman_vaults_capsules,
          vaults_room_pools, vaults_room_fours, st_eye,
          ontoclasm_vaults_shuriken, layout_vaults_omnigrid, enter_trove_1,
          basic_altar
Vaults:2: v_misc_33, v_alt_pattern_6, v_misc_10, vaults_dpeg_encased_lava,
          ontoclasm_vaults_claustrophobia, v_misc_2,
          nicolae_vaults_network_square, v_misc_22, nicolae_vaults_what_the_h,
          vaults_mumra_chevron, grunt_vaults_hallway_short,
          nicolae_vaults_little_squares_6, v_alt_pattern_1,
          nicolae_vaults_angled_halls, vaults_dpeg_hooks, layout_vaults_omnibox,
          serial_shops, shop_fountains
Vaults:3: hangedman_vaults_unwind, nicolae_vaults_alarming,
          ontoclasm_vaults_ligature, minmay_crypt_entry_simple_sparse, v_misc_2,
          nicolae_vaults_circle_grid_b, st_cells, ontoclasm_vaults_chip,
          nicolae_vaults_specimen_jars, hangedman_vaults_corner_blocks,
          v_misc_2, layout_vaults_omnicross, serial_shops,
          nicolae_shop_window_shopping, uniq_nikola, uniq_mara

Skill      XL: |  1  2  3  4  5  6  7  8  9 10 11 12 13 14 15 16 17 18 19 20 |
---------------+-------------------------------------------------------------+-----
Shields        | 4 5 6 7 9 12 13 15 | 15.0
Dodging        | 1 2 3 4 6 7 8 10 | 10.1
Throwing       | 1 2 3 4 5 6 |  6.0
Axes           | 3 4 6 7 9 10 12 14 17 19 21 22 | 22.9
Armour         | 4 5 6 7 8 9 10 11 12 13 | 13.6
Fighting       | 4 5 6 7 8 9 10 11 12 13 | 13.6
Evocations     | 1 2 3 |  3.0
Invocations    | 2 5 8 9 |  9.7

Action                   |  1- 3 |  4- 6 |  7- 9 | 10-12 | 13-15 | 16-18 | 19-21 || total
-------------------------+-------+-------+-------+-------+-------+-------+-------++-------
Melee: Hand axe          |   141 |    30 |       |       |       |       |       ||   171
       War axe           |     1 |   207 |   393 |   907 |   245 |       |       ||  1753
       Battleaxe         |       |       |       |       |   994 |   470 |       ||  1464
       Executioner's axe |       |       |       |       |    35 |   830 |   945 ||  1810
       Broad axe         |       |       |       |       |       |    51 |     7 ||    58
Throw: Dart              |       |    26 |    40 |    27 |    10 |     4 |       ||   107
       Javelin           |       |       |     6 |     4 |    46 |    31 |     9 ||    96
       Stone             |       |       |     2 |    25 |       |       |       ||    27
       Boomerang         |       |       |       |    28 |       |       |       ||    28
Invok: Heroism           |       |       |       |       |     3 |     6 |     1 ||    10
       Finesse           |       |       |       |       |     2 |    13 |     2 ||    17
 Abil: Stop Flying       |       |       |       |       |       |     1 |       ||     1
Evoke: Wand              |       |       |       |     5 |     2 |       |       ||     7
  Use: Scroll            |       |     7 |     8 |     6 |    13 |     9 |     1 ||    44
       Potion            |       |       |     1 |     1 |     2 |     4 |       ||     8
 Stab: Petrified         |       |       |       |       |       |     1 |       ||     1
       Distracted        |       |       |       |       |       |       |     1 ||     1
  Eat: Chunk             |     2 |     7 |    11 |    28 |    31 |    25 |    11 ||   115
       Ration            |       |       |       |       |       |     3 |     2 ||     5
Armor: Scale mail        |    55 |    75 |    89 |   148 |       |       |       ||   367
       Plate armour      |       |       |       |     6 |   266 |   284 |    39 ||   595
       Crystal plate arm |       |       |       |       |       |       |   131 ||   131
Dodge: Dodged            |    42 |   107 |   202 |   445 |   523 |   386 |   190 ||  1895
Block: Kite shield       |    73 |   159 |   217 |   511 |   674 |   294 |       ||  1928
       Tower shield      |       |       |       |       |       |   707 |   764 ||  1471
